Map: Ruins of Seras

Players

Brewster

  • Race: Protoss Protoss
  • League: Platinum

Javert - Winner!

  • Race: Zerg Zerg
  • League: Platinum

VOD

Have the link to the VOD?

Description

Time

  • Played on: Aug. 23, 2015, 12:59 a.m.
  • Length: 11:48
Show
View Real Time Build Order
Export as new Build Order

Brewster Protoss 

Build Orders: 1 Gate Expand 

Get SALT Encoding   

  12  0:01  Probe  
  13  0:13  Probe  
  14  0:22  Pylon  
  14  0:25  Probe  
  15  0:40  Probe  
  15  0:41  Gateway  
  16  0:52  Probe  
  17  1:04  Probe  
  18  1:16  Probe  
  19  1:20  Nexus  
  19  1:29  Probe  
  20  1:40  Cybernetics Core  
  20  1:41  Probe  
  20  1:53  Probe  
  21  1:59  Assimilator  
  21  2:00  Pylon  
  21  2:06  Probe  
  22  2:18  Probe, Zealot  
  22  2:20  Assimilator  
  25  2:30  Probe  
  25  2:36  Probe  
  27  2:37  Warp Gate  
  27  2:42  Probe, Gateway  
  28  2:46  Pylon  
  28  2:48  Probe  
  29  2:54  Probe  
  30  3:01  Probe  
  31  3:06  Probe  
  31  3:13  Probe  
  31  3:14  Gateway  
  31  3:18  Probe  
  33  3:25  Probe  
  34  3:28  Robotics Facility  
  34  3:30  Probe  
  35  3:37  Mothership Core  
  37  3:42  Probe  
  38  3:53  Assimilator  
  38  3:54  Probe  
  39  3:56  Pylon  
  39  3:57  Assimilator  
  39  3:58  Probe  
  40  4:03  Sentry, Zealot  
  40  4:05  Zealot  
  40  4:07  Probe  
  47  4:11  Probe  
  47  4:15  Pylon  
  48  4:19  Probe  
  48  4:23  Probe  
  50  4:29  Robotics Bay  
  50  4:31  Probe  
  52  4:38  Probe  
  52  4:44  Warp Prism  
  54  4:47  Zealot x2  
  54  4:48  Sentry  
  54  4:49  Probe  
  54  4:50  Probe  
  54  4:52  Pylon  
  61  5:01  Probe  
  61  5:05  Probe  
  63  5:11  Zealot  
  65  5:14  Zealot  
  65  5:15  Sentry  
  69  5:27  Probe  
  70  5:47  Zealot x3  
  76  5:55  Immortal  
  76  6:05  Probe  
  76  6:06  Probe  
  76  6:08  Pylon  
  76  6:11  Pylon  
  74  6:13  Pylon x2  
  74  6:15  Pylon  
  70  6:26  Probe  
  70  6:31  Gateway  
  70  6:32  Gateway  
  71  6:34  Gateway, Disruptor  
  71  6:36  Gateway  
  71  6:37  Forge  
  71  6:38  Twilight Council  
  71  6:39  Probe  
  75  6:41  Sentry x2  
  75  6:42  Sentry  
  77  6:55  Probe  
  77  6:56  Probe  
  79  7:06  Sentry  
  79  7:07  Sentry x2, Probe  
  86  7:10  Disruptor  
  86  7:11  Protoss Ground Weapons Level 1  
  85  7:23  Probe  
  85  7:24  Probe  
  87  7:35  Charge  
  87  7:37  Zealot x2  
  87  7:38  Zealot  
  93  7:46  Immortal  
  93  7:49  Photon Cannon  
  97  7:54  Probe  
  98  8:09  Probe  
  96  8:22  Zealot x2  
  96  8:23  Templar Archives, Zealot x3  
  96  8:25  Zealot  
  108  8:41  Pylon  
  108  8:42  Pylon  
  108  8:43  Pylon  
  108  8:51  Immortal  
  90  9:07  Stalker x2  
  90  9:08  Stalker x4  
  89  9:22  Mothership Core  
  91  9:30  Immortal  
  95  9:34  Stalker x3  
  95  9:35  Stalker x3  
  95  9:36  Nexus, Pylon  
  101  10:02  Stalker  
  101  10:03  Stalker x5  
Show
View Real Time Build Order
Export as new Build Order

Javert Zerg - Winner!

Build Orders: Hatch First, Lurkers 

Get SALT Encoding   

  12  0:01  Drone  
  13  0:15  Overlord  
  13  0:24  Drone  
  14  0:28  Extractor  
  14  0:30  Drone  
  14  0:31  Drone, Extractor  
  16  0:37  Drone  
  17  0:58  Hatchery  
  17  1:01  Drone  
  17  1:03  Drone  
  18  1:07  Extractor  
  18  1:10  Drone  
  18  1:27  Drone, Spawning Pool  
  18  1:31  Drone  
  19  1:43  Drone  
  20  1:52  Extractor  
  19  2:02  Drone x2  
  21  2:15  Drone  
  23  2:24  Queen  
  23  2:25  Queen  
  23  2:27  Metabolic Boost  
  27  2:39  Drone  
  27  2:43  Overlord  
  27  2:44  Hatchery  
  27  2:57  Overlord  
  27  3:08  Drone  
  27  3:09  Drone x4  
  32  3:18  Drone  
  33  3:21  Drone  
  33  3:22  Drone  
  34  3:36  Roach Warren  
  34  3:38  Drone x3  
  34  3:39  Drone x3  
  39  3:45  Queen  
  41  3:49  Overlord  
  41  4:03  Overlord x2  
  41  4:09  Extractor  
  40  4:10  Extractor  
  40  4:11  Lair  
  40  4:16  Roach  
  41  4:17  Roach x3  
  41  4:23  Roach x2  
  51  4:31  Zergling x2  
  51  4:32  Zergling x8  
  51  4:36  Drone x3  
  59  4:39  Drone  
  60  4:46  Drone  
  61  4:56  Drone x4  
  61  4:57  Drone  
  66  5:00  Drone x2  
  68  5:08  Drone x5  
  68  5:13  Drone  
  74  5:16  Extractor  
  74  5:20  Evolution Chamber x2, Glial Reconstitution  
  71  5:23  Drone x4, Hydralisk Den  
  74  5:29  Overlord  
  56  6:05  Drone x8  
  56  6:06  Drone x3  
  64  6:15  Roach  
  64  6:16  Roach x5  
  64  6:17  Lurker Den  
  76  6:22  Overlord  
  76  6:27  Overlord  
  76  6:30  Overlord  
  74  6:47  Overlord  
  74  6:50  Roach x8  
  74  6:54  Zerg Missile Weapons Level 1, Drone, Zerg Ground Armor Level 1  
  90  6:55  Queen  
  90  6:58  Overlord  
  93  7:02  Extractor x2  
  93  7:06  Drone x2  
  93  7:11  Overlord x2  
  93  7:26  Overlord x2  
  93  7:28  Hydralisk x5  
  103  7:40  Spine Crawler  
  103  7:41  Spine Crawler, Hydralisk x3  
  107  7:44  Drone  
  107  7:51  Spine Crawler  
  107  7:53  Drone x4  
  109  8:12  Hydralisk  
  109  8:13  Hydralisk x5  
  121  8:22  Overlord x2  
  121  8:25  Muscular Augments  
  121  8:29  Drone x2  
  121  8:30  Drone  
  124  8:36  Ravager x2  
  124  8:37  Ravager x2  
  124  8:40  Drone x3  
  107  9:20  Roach  
  107  9:21  Roach x12  
  124  9:27  Lurker x5  
  129  9:38  Drone x2  
  126  9:56  Hatchery  
  123  10:00  Extractor  
  122  10:27  Hydralisk  
  122  10:28  Hydralisk x14  
  150  10:46  Hydralisk x6  
  145  11:00  Overseer  
Tags
 
Add a new tag
Caveats
  • Supply blocks, unpowered buildings, or Contaminate may cause inaccurate times.
  • Supply counts are checked every 10 seconds.